[Event "Main Event"]
[Site "Chess.com"]
[Date "2023.06.19"]
[Round "3"]
[White "Gukesh, D."]
[Black "Sadhwani, Raunak"]
[Result "1-0"]
[WhiteElo "2736"]
[BlackElo "2603"]
[ECO "E95"]
[EventDate "2023.??.??"]
[Annotator "rafael"]
[PlyCount "81"]
[Beauty "7633234564698"]
[EventType "schev"]
[EventRounds "2"]
[TimeControl "180+1"]

1.d4 Nf6 2.c4 g6 3.Nc3 Bg7 4.e4 d6 5.Nf3 O-O 6.Be2 e5 7.O-O h6 {An interesting sideline of the King's Indian that has recently become popular. The idea, I think, is to remove White's option to move the bishop to the g5-square. 8.Be3 is not attractive now due to 8...Ng4. Apart from that, the h7-square can be useful for the knight when preparing the typical f5-break, as we will see in the game.} 8.Re1 ( 8.dxe5 {is the first move that has to be analyzed if you are an opening expert, as it's necessary to understand whether White can get a favorable version of the exchange variation. According to current theory, Black should not be worried, for instance:} 8...dxe5 9.Qxd8 ( 9.Be3 {is more ambitious.} ) 9...Rxd8 10.Nxe5 Nxe4 11.Nxe4 Bxe5 12.Bxh6 Bxb2 {with equality.} ) 8...Nbd7 9.Bf1 b6 $5 {[%c_effect b6;square;b6;type;Interesting;persistent;true] An extremely rare move.} ( 9...Nh7 {is the most popular move. It was tested in the last Olympiad.} 10.Be3 Ng5 11.Nxg5 hxg5 12.d5 a5 13.f3 Nc5 14.b3 b6 {with a complicated game, typical of the King's Indian. Melkumyan-Yakubboev, Chennai 2022.} ) 10.d5 {Maybe White should wait a little longer before closing the center.} ( 10.Qc2 {is an interesting alternative.} ) 10...a5 11.g3 Nc5 12.Bg2 Nh7 {Preparing the typical action derived from this pawn structure.} 13.Be3 f5 14.exf5 gxf5 15.Nh4 {Both sides were probably happy with this position since it was later played again in the match.} 15...Qf6 ( 15...f4 {looks dangerous for the human eye since White gets good control of the light squares. The computer, however, is not worried about Black's position.} 16.Bxc5 bxc5 17.Ne4 Ng5 {and it says Black is fine. I'm not in a position to disagree.} ) 16.Kh1 ( 16.Nb5 $1 {[%c_effect b5;square;b5;type;GreatFind;persistent;true] is a better attempt to achieve an advantage.} 16...Rf7 17.f4 $1 {[%c_effect f4;square;f4;type;GreatFind;persistent;true] This is more unpleasant now that the d4-square is controlled.} 17...e4 $2 ( 17...exf4 {is better.} ) 18.Nd4 ) 16...e4 ( 16...Bd7 {is more solid, avoiding the knight jump to b5.} ) 17.Nb5 Nd3 18.Rf1 Qxb2 19.Rb1 {Only here Gukesh deviated and chose} ( 19.Qh5 $2 {[%c_effect h5;square;h5;type;Mistake;persistent;true] in a later game of the match.} 19...Rf7 $6 ( 19...Nf6 $1 {[%c_effect f6;square;f6;type;GreatFind;persistent;true] is winning, since the queen is trapped after} 20.Qg6 Ne5 ) 20.Bh3 $6 Ng5 21.Bg2 {White won the game, although evidently not because of the opening.} ) 19...Qxa2 20.Nxc7 Ra7 21.Ne6 Bxe6 22.dxe6 Qxc4 {Both players navigate the complications very well.} 23.e7 ( 23.Ng6 {is also possible.} ) 23...Rxe7 24.Ng6 Ref7 25.Nxf8 Nxf8 {The position is totally chaotic. It's impossible to play it well, even in a classical game—now imagine doing it with only one minute on the clock.} 26.Rxb6 a4 ( 26...d5 $2 {[%c_effect d5;square;d5;type;Mistake;persistent;true] looks natural, but White's attack is strong after} 27.Qh5 $1 ) 27.Rxd6 a3 28.Bxh6 Be5 29.Rd8 a2 30.Qh5 $2 {[%c_effect h5;square;h5;type;Mistake;persistent;true] This is a losing mistake.} ( 30.Qd2 $1 {[%c_effect d2;square;d2;type;GreatFind;persistent;true] is the right way:} 30...a1=Q 31.Rxa1 Bxa1 32.Qg5+ Kh7 ( 32...Bg7 $4 {[%c_effect g7;square;g7;type;Blunder;persistent;true] allows a neat combination:} 33.Rxf8+ $3 Kxf8 34.Qd8# ) 33.Bxf8 Nxf2+ 34.Kg1 Rxf8 35.Rxf8 Nh3+ 36.Bxh3 Qd4+ 37.Kg2 Qb2+ {with a draw by perpetual check.} ) 30...Nxf2+ $1 31.Kg1 Qc5 $1 {[%c_effect c5;square;c5;type;GreatFind;persistent;true] It's amazing how resourceful both players are with so little time on the clock.} 32.h4 Ng4+ 33.Kh1 Nxh6 $2 {[%c_effect h6;square;h6;type;Mistake;persistent;true] After this mistake, the game is even again.} ( 33...a1=Q $1 34.Qg6+ Bg7 35.Rxa1 Nxh6 {with a winning advantage.} ) 34.Qxh6 a1=Q 35.Qg5+ Rg7 ( 35...Kh7 36.Qh5+ Kg7 37.Qg5+ {Black cannot escape the draw. He has no advantage after} 37...Ng6 38.Rxa1 Bxa1 39.h5 ) 36.Qxf5 Qaa3 {Positions with more than two queens on the board are always exciting.} ( 36...Qxf1+ 37.Bxf1 {White has enough to play for a draw due to his activity and the lack of material on the board.} ) 37.Qe6+ Kh8 $2 {[%c_effect h8;square;h8;type;Mistake;persistent;true] A blunder.} ( 37...Kh7 $1 38.Qf5+ ( 38.Bxe4+ Ng6 ) 38...Kh6 {leads to a draw in many ways. One of them is:} 39.Rxf8 Qxf8 40.Qxf8 Qxg3 41.Qh8+ Rh7 42.Qf8+ ) 38.Qh6+ Kg8 39.Bh3 $1 {[%c_effect h3;square;h3;type;GreatFind;persistent;true] Unbelievable $1 White is winning now. There's no defense against 40.Be6+.} 39...Qxg3 40.Be6+ Rf7 41.Bxf7# 1-0

[Event "Tech Mahindra Global Chess League 2023"]
[Site "Chess.com"]
[Date "2023.06.23"]
[Round "2"]
[White "Carlsen, Magnus"]
[Black "Anand, Viswanathan"]
[Result "1-0"]
[WhiteElo "2829"]
[BlackElo "2731"]
[ECO "A36"]
[EventDate "2023.??.??"]
[Annotator "rafael"]
[PlyCount "87"]
[Beauty "7422777229320"]
[EventType "team-tourn"]
[TimeControl "900+10"]

1.c4 c5 2.g3 Nc6 3.Bg2 g6 4.Nc3 Bg7 5.d3 d6 6.Qd2 $5 {[%c_effect d2;square;d2;type;Interesting;persistent;true] This looks like an ugly move, but it has a clear positional foundation. White wants to develop the bishop with b3-Bb2. After completing this plan, the queen no longer looks so silly on d2.} 6...Nf6 {Black has several plans at his disposal.} ( 6...Qd7 {He can keep copying White's moves.} 7.b3 b6 8.Bb2 Bb7 9.Nd5 e5 {Aronian-Grischuk, Norway Chess 2019.} ) ( 6...e6 {This move prepares to develop the knight on e7, while keeping the structure solid.} ) ( 6...e5 {Here Black also prepares the development of the knight on e7 while fighting for space. Carlsen chose this option as Black in a blitz game.} 7.b3 Nge7 8.Bb2 Be6 9.Nd5 Qd7 10.e3 O-O 11.Ne2 Bh3 12.Bxh3 Qxh3 {with a good position for Black in Aronian-Carlsen, Tata Steel India (blitz) 2019.} ) 7.b3 O-O 8.Bb2 Bd7 $6 {[%c_effect d7;square;d7;type;Inaccuracy;persistent;true] This is a bit passive.} ( 8...e6 {is a critical move, with the idea of playing d5.} ) 9.Nf3 ( 9.e3 {is also possible, developing the knight on e2.} ) 9...Rb8 10.O-O a6 {Anand wants to play b7-b5, gaining space on the queenside.} 11.Nd5 e6 $6 {[%c_effect e6;square;e6;type;Inaccuracy;persistent;true] Anand was critical of this move after the game. He mentioned he should have played e5.} ( 11...e5 {with a normal position.} ) 12.Nxf6+ Bxf6 13.d4 $1 {[%c_effect d4;square;d4;type;GreatFind;persistent;true] The players felt this position was already unpleasant for Black. White has more space and a better pawn structure. All this had been played before in an amateur game.} 13...b5 $6 ( 13...Re8 $6 14.Rad1 {with a big advantage for White in Shibut-Beckman, Eastern op Tysons 2019.} ) ( 13...cxd4 14.Nxd4 {The d-pawn will give Black some headaches.} 14...Nxd4 15.Bxd4 Bxd4 16.Qxd4 Bc6 17.Rfd1 Bxg2 18.Kxg2 Qa5 {Black has some drawing chances, although probably not against Carlsen.} ) ( 13...Qe7 {is more stubborn.} 14.Rad1 Rfd8 {White has a pleasant advantage, but nothing serious at the moment.} ) 14.dxc5 Bxb2 15.Qxb2 dxc5 16.cxb5 axb5 ( 16...Rxb5 17.Rfd1 {with an easily winning position. Black has many weaknesses and Nd2-e4 is a possible plan.} ) 17.Rfc1 {It turns out that the c5-pawn is doomed.} 17...c4 ( 17...Qe7 18.Qc3 {The pawn is lost anyway.} ) 18.bxc4 bxc4 19.Qc3 e5 20.Qxc4 {Black has some practical drawing chances in a rapid game, but against Carlsen it's nearly impossible to escape in a technical position.} 20...Qe7 21.h4 {Not an easy move. It gives the knight support on the g5-square, preparing to meet 21...e4.} ( 21.Qc5 {is tempting:} 21...Qxc5 22.Rxc5 e4 23.Ng5 f5 24.Rd1 Rfd8 25.f3 $1 h6 26.Nh3 e3 27.Nf4 {with excellent winning chances.} ) 21...Rfc8 ( 21...e4 {is a possibility, but White keeps the advantage after} 22.Ng5 Rb4 23.Qc5 ) 22.Qe4 Bf5 23.Qe3 e4 24.Ng5 Nb4 {Anand is trying his best to complicate the game.} 25.Rxc8+ $6 ( 25.Bxe4 {The computer indicates this move as more accurate. Without the machine, it's hard to judge how big is the advantage after} 25...Bxe4 26.Qxe4 Qxe4 27.Nxe4 Rxc1+ 28.Rxc1 Nxa2 29.Rc7 {It seems however, that the endgame is easily winning. White can play h5 or g4-g5 and Black's knight is far away from the battle, apart from the pawn advantage.} ) 25...Rxc8 26.Bxe4 Nc2 $1 {[%c_effect c2;square;c2;type;GreatFind;persistent;true] This is Anand's idea.} ( 26...Bxe4 27.Qxe4 Qxe4 28.Nxe4 Ra8 {This actually leads to a similar endgame as in the previous note.} ) 27.Bxc2 Qxe3 28.fxe3 Rxc2 29.Kf1 ( 29.Nf3 {This looks very tempting, but it seems Black can hold after:} 29...Rxe2 30.Nd4 Rxe3 31.Nxf5 gxf5 32.a4 Rxg3+ 33.Kf2 Rb3 34.a5 Rb7 35.a6 Ra7 ) 29...Bc8 $1 {[%c_effect c8;square;c8;type;GreatFind;persistent;true] With resourceful play Anand has achieved drawing chances.} 30.Nf3 Ba6 ( 30...Rc3 $1 {[%c_effect c3;square;c3;type;GreatFind;persistent;true] is also possible:} 31.Kf2 Ra3 32.Nd4 Be6 $1 {[%c_effect e6;square;e6;type;GreatFind;persistent;true] with drawing chances.} ) 31.Nd4 Rc3 32.Kf2 Ra3 33.Nc2 Ra4 34.a3 {Carlsen methodically prepares the advance of the a-pawn.} 34...Bb7 35.Nb4 Kg7 36.Nd3 Ra5 37.Rb1 Bd5 38.Ra1 Be4 39.Nb2 {So far Anand showed great defensive skills in a difficult position, but now he makes a mistake.} 39...Kh6 $6 {[%c_effect h6;square;h6;type;Inaccuracy;persistent;true] The plan to activate the king leads nowhere. It's better to exchange pawns with} ( 39...g5 $1 {[%c_effect g5;square;g5;type;GreatFind;persistent;true] and Black can still fight for a draw.} ) 40.Nc4 Ra6 ( 40...Ra4 41.Nd6 Bd5 42.Rd1 Be6 43.Rd3 g5 44.hxg5+ Kxg5 45.Rc3 {White plans the transfer of the knight to c5 and has good winning chances.} ) 41.a4 Kh5 42.Nd2 {The poor knight worked hard in this game.} 42...Rf6+ 43.Nf3 Kg4 44.a5 ( 44.a5 Ra6 45.Ra4 f5 46.Ng5 {More material is lost.} ) 1-0

[Event "Tech Mahindra Global Chess League 2023"]
[Site "Chess.com"]
[Date "2023.06.24"]
[Round "4"]
[White "Radjabov, Teimour"]
[Black "Wei, Yi"]
[Result "0-1"]
[WhiteElo "2694"]
[BlackElo "2716"]
[ECO "D43"]
[EventDate "2023.??.??"]
[Annotator "rafael"]
[PlyCount "78"]
[Beauty "7697810333229"]
[EventType "team-tourn"]
[TimeControl "900+10"]

1.d4 Nf6 2.c4 e6 3.Nf3 d5 4.Nc3 c6 5.Bg5 h6 6.Bxf6 {A solid choice. 6.Bh4 is the most aggressive option and leads to chaotic positions if Black accepts the pawn with 6...dxc4.} ( 6.Bh4 ) 6...Qxf6 7.e3 Nd7 8.Rc1 g6 9.Bd3 Qe7 10.O-O Bg7 11.Re1 ( 11.Qc2 {Radjabov beat Firouzja in 2021 with this move.} 11...O-O 12.Rfd1 dxc4 13.Bxc4 c5 $6 ( 13...b6 {is better, with equality.} ) 14.d5 {White had the initiative in Radjabov-Firouzja, Paris GCT (rapid) 2021.} ) 11...O-O 12.Qc2 dxc4 13.Bxc4 Rd8 {This is a typical position from the Semi-Slav. Black has the pair of bishops while White has more space, more freedom, and attacking chances. As usually is the case, the pawn structure will dictate the plans for both sides. Always look to the breaking points in the pawn chain. White can play for h4-h5 at some point (maybe after gaining space with e4-e5). A rupture on d5 with e5-d5 is also possible. Meanwhile, Black can strive, after finishing development, for a break with …c7-c5 and in some rare cases with …e6-e5. Another pawn play is also possible for Black, as we're about to see.} 14.a3 a5 {A new move.} ( 14...b6 {is by far the most popular move, preparing to finish development.} ) 15.Ba2 b5 $1 {[%c_effect b5;square;b5;type;GreatFind;persistent;true] Black's idea becomes clear: he wants to play …b5-b4, dislodging the knight and creating active play. This is a plan typical of Wei's dynamic style.} 16.e4 $6 {[%c_effect e4;square;e4;type;Inaccuracy;persistent;true] This allows Black to achieve a good position.} ( 16.Ne4 {is more accurate, with balanced play after} 16...Bb7 17.Qe2 ) 16...b4 17.Na4 Bb7 ( 17...bxa3 {Capturing the pawn is also possible and leads to a good position for Black.} 18.bxa3 Qxa3 19.Re3 Qe7 {Now taking the c-pawn is dangerous since Black's pieces become very active after} 20.Qxc6 $6 Ba6 ) 18.Qb3 Rab8 {Wei misses a few chances to play the desired …c6-c5 in this game.} ( 18...c5 $5 19.dxc5 ( 19.Nxc5 Nxc5 20.dxc5 Bc6 $1 21.axb4 Rdb8 $1 {[%c_effect b8;square;b8;type;GreatFind;persistent;true] The pawn will be captured with the rook, and Black has a clear advantage.} ) 19...Bc6 $1 {[%c_effect c6;square;c6;type;GreatFind;persistent;true] with an excellent position.} ) 19.Qe3 ( 19.axb4 Ba8 $1 {[%c_effect a8;square;a8;type;GreatFind;persistent;true] preparing to capture on b4 with the rook.} ) 19...Ba6 $6 ( 19...c5 $1 {[%c_effect c5;square;c5;type;GreatFind;persistent;true] This move gives Black a clear advantage.} 20.d5 ( 20.Nxc5 Nxc5 21.Rxc5 Bxd4 $1 {[%c_effect d4;square;d4;type;GreatFind;persistent;true] wins material.} ) ( 20.dxc5 Bc6 $1 {[%c_effect c6;square;c6;type;GreatFind;persistent;true] The knight is attacked, and the b2-pawn is also a problem.} ) 20...exd5 21.Bxd5 Bxd5 22.exd5 Qd6 {The d-pawn is about to fall.} ) 20.e5 bxa3 ( 20...Bf8 $1 {[%c_effect f8;square;f8;type;GreatFind;persistent;true] is a clever move, since now White cannot defend the a3-pawn with the rook.} 21.h4 ( 21.axb4 Rxb4 {with advantage for Black.} ) 21...bxa3 22.bxa3 Qxa3 23.Nc3 {White has some compensation for the pawn, but not enough for equality.} ) 21.bxa3 Bf8 22.Rc3 $1 {[%c_effect c3;square;c3;type;GreatFind;persistent;true] Now this is possible.} 22...Bb5 23.Nc5 Nxc5 24.Rxc5 ( 24.dxc5 {This is also possible. It's hard to say without deep analysis whether it's better to capture this way or as in the game.} ) 24...Qb7 $6 ( 24...Qa7 25.Rc3 c5 $1 {[%c_effect c5;square;c5;type;GreatFind;persistent;true] Again Black manages to play the typical pawn breakthrough. This time it's enough to achieve equal play after} 26.dxc5 Rbc8 27.h4 ( 27.Rec1 $2 {[%c_effect c1;square;c1;type;Mistake;persistent;true] is a tactical mistake since the c5-pawn is not protected.} 27...Bxc5 $1 28.Rxc5 Rxc5 29.Rxc5 Rd1+ ) 27...Rxc5 28.h5 ) 25.Rc3 Ba6 $2 ( 25...c5 $1 {[%c_effect c5;square;c5;type;GreatFind;persistent;true] Again this move is correct:} 26.dxc5 Bc6 {with some compensation for the pawn.} ) 26.h4 $1 {[%c_effect h4;square;h4;type;GreatFind;persistent;true] White's attack is very strong now.} 26...Qb2 27.Bb1 a4 {Preparing 28...Rb3.} 28.Rxc6 $2 {[%c_effect c6;square;c6;type;Mistake;persistent;true] White should not have diverted his attention from Black's king.} ( 28.h5 $1 {[%c_effect h5;square;h5;type;GreatFind;persistent;true] leads to a strong attack, for instance:} 28...Rb3 29.Rxb3 Qxb3 30.Qe4 Qd5 31.Qg4 g5 32.Nxg5 $1 {[%c_effect g5;square;g5;type;GreatFind;persistent;true] with a crushing attack. Capturing the knight loses after} 32...hxg5 33.Qxg5+ Kh8 34.h6 {with mate to follow.} ) 28...Bb7 29.Rc7 Rbc8 30.Rxb7 $6 {[%c_effect b7;square;b7;type;Inaccuracy;persistent;true] An optimistic exchange sacrifice.} ( 30.Rxc8 {is objectively better:} 30...Rxc8 31.h5 Qxa3 32.Qf4 g5 33.Bh7+ $3 {[%c_effect h7;square;h7;type;Brilliant;persistent;true] An important tactical resource.} 33...Kxh7 34.Qxf7+ Kh8 35.Qxb7 {with a complicated position that is evaluated as equal by the machine.} ) 30...Qxb7 31.h5 gxh5 $1 {[%c_effect h5;square;h5;type;GreatFind;persistent;true] The best way to neutralize the attack.} ( 31...g5 {is dangerous because White can sacrifice the knight on g5 at some point, maybe even now.} 32.Qd3 ( 32.Nxg5 $5 hxg5 33.Qxg5+ Kh8 34.Qf6+ Bg7 35.Qg5 {A funny idea by the computer. Black is better, but not yet winning after} 35...Rxd4 36.h6 Rg8 37.hxg7+ Rxg7 38.Qh5+ Kg8 39.g3 ) 32...Bg7 33.Nxg5 {is also possible and now Black has to find the difficult} 33...Qb2 $1 {[%c_effect b2;square;b2;type;GreatFind;persistent;true] to keep the advantage.} ( 33...hxg5 $2 {[%c_effect g5;square;g5;type;Mistake;persistent;true] is not good after} 34.Qh7+ Kf8 35.h6 ) ) 32.Nd2 ( 32.Qd3 Bg7 {The bishop on g7 defends against everything.} ) 32...Bg7 $6 ( 32...Qb2 $1 {[%c_effect b2;square;b2;type;GreatFind;persistent;true] is the right way to win:} 33.Ne4 Rxd4 34.Nf6+ Kh8 {White is unable to bring the queen to h7.} ) 33.Ne4 Qb2 ( 33...Qb3 $1 {[%c_effect b3;square;b3;type;GreatFind;persistent;true] is better:} 34.Bd3 Qxa3 35.Nf6+ Kf8 ) 34.Nf6+ $2 {[%c_effect f6;square;f6;type;Mistake;persistent;true] The losing move.} ( 34.Nd6 $1 {[%c_effect d6;square;d6;type;GreatFind;persistent;true] White has compensation after the correct knight move.} ) 34...Kf8 {The attack is finally repelled.} 35.d5 ( 35.Rd1 {is not enough to save the d-pawn.} 35...Rc4 $1 ) 35...Bxf6 36.dxe6 Qxe5 $1 37.Qxh6+ Bg7 38.Rxe5 Rd1+ 39.Kh2 Bxh6 {A very interesting, fighting game.} 0-1